 Dungeon Crawl Stone Soup version 0.18-a0-1045-g4e042de (webtiles) character file.

35 flautines the Skirmisher (level 3, -7/21 HPs)
             Began as a Gargoyle Fighter on Nov 10, 2015.
             Killed by nerve-wracking pain
             ... invoked by Jessica
              (13 damage)
             ... on level 2 of the Dungeon on Jan 11, 2016.
             The game lasted 00:18:00 (1144 turns).

flautines the Skirmisher (Gargoyle Fighter)         Turns: 1144, Time: 00:18:10

Health: -7/21      AC: 10    Str: 20    XL:     3   Next: 33%
Magic:  3/3        EV:  7    Int:  8    God:
Gold:   51         SH:  9    Dex:  9    Spells: 0 memorised, 2 levels left

rFire  . . .     SeeInvis .     a - +0 flail
rCold  . . .     Gourm    .     b - +0 scale mail
rNeg   + . .     Faith    .     c - +0 shield
rPois  ∞         Spirit   .     (no helmet)
rElec  +         Dismiss  .     (no cloak)
rCorr  .         Reflect  .     (no gloves)
SustAt .         Harm     .     (no boots)
MR     .....                    (no amulet)
Stlth  ..........               (no ring)
                                (no ring)

@: not resistant to hostile enchantments, extremely unstealthy
A: frail 1, mutation resistance 1, negative energy resistance 1, electricity
resistance, unbreathing, petrification resistance, rot immunity, AC +3
a: no special abilities


You were on level 2 of the Dungeon.
You were not hungry.

You visited 1 branch of the dungeon, and saw 2 of its levels.

You collected 51 gold pieces.

Inventory:

Hand Weapons
 a - a +0 flail (weapon)
 i - a +2 hand axe of distortion
 t - a +0 dagger
Missiles
 j - 22 poisoned needles
 p - 30 stones (quivered)
Armour
 b - a +0 scale mail (worn)
 c - a +0 shield (worn)
 u - a +0 ring mail
Scrolls
 h - 2 scrolls of remove curse
 m - a scroll of fear {unknown}
 q - a scroll of enchant armour {unknown}
 v - a scroll of fog {unknown}
Potions
 d - a potion of might
 f - a potion of degeneration {unknown}
 l - a potion of heal wounds {unknown}
 n - a potion of invisibility {unknown}
 o - a potion of curing {unknown}
Comestibles
 e - a bread ration
 g - 3 meat rations
 k - 3 chunks of flesh
 r - a beef jerky
 s - 3 inedible chunks of flesh


   Skills:
 + Level 3.8 Fighting
 + Level 2.2 Maces & Flails
 + Level 3.4 Armour
 + Level 0.5 Dodging
 + Level 0.2 Stealth
 + Level 3.7 Shields


You had 2 spell levels left.
You didn't know any spells.

Dungeon Overview and Level Annotations

Branches:
Dungeon (2/15)

Altars:
Elyvilon

Annotations:
D:2 Jessica


Innate Abilities, Weirdness & Mutations

You are resistant to torment.
Your stone body is resilient (AC +3).
You are immune to poison.
You resist negative energy.
You are resistant to electric shocks.
You can survive without breathing.
You are immune to petrification.
You are immune to rotting.
You are frail (-10% HP).
You are somewhat resistant to further mutation.


Message History

Found 15 gold pieces.
You now have 51 gold pieces (gained 15).
Jessica the Apprentice Sorceress comes into view.
Jessica shouts!
Jessica zaps a wand.
The puff of flame hits you!
It is a wand of flame.
Jessica casts a spell.
Jessica seems to speed up.
You barely miss Jessica.
Jessica zaps a wand.
The puff of flame hits you!
Jessica zaps a wand.
The puff of flame hits you!
You hit Jessica.
Jessica is moderately wounded.
Jessica barely misses you. Jessica hits you but does no damage.
You hit Jessica.
Jessica is almost dead.
You block Jessica's attack.
Jessica zaps a wand.
The puff of flame hits you!
* * * LOW HITPOINT WARNING * * *
Jessica casts a spell at you. Pain shoots through your body!
Ouch! That really hurt!
You die...

###.#.....#
#.###...# #.#
#...# #.# #####
########.#
.........#
############.##
........@....#
#.####@####.#
+.+ #.# #.# #.#
#.# #.# ... ..#
#.# #.# #.# @#
#.# #.#


You could see Jessica.

Vanquished Creatures
  2 giant cockroaches (D:1)
  7 hobgoblins (D:1)
  6 kobolds
  A ball python (D:2)
  2 bats (D:1)
  3 giant newts (D:1)
  5 goblins (D:1)
  7 rats (D:1)
  2 fungi (D:1)
35 creatures vanquished.

Notes
Turn   | Place    | Note
--------------------------------------------------------------
     0 | D:1      | flautines the Gargoyle Fighter began the quest for the Orb.
     0 | D:1      | Reached XP level 1. HP: 14/14 MP: 1/1
   123 | D:1      | Gained mutation: You are frail (-10% HP). [mutagenic glow]
   146 | D:1      | Gained mutation: You are somewhat resistant to further mutation. [mutagenic glow]
   293 | D:1      | Reached XP level 2. HP: 17/17 MP: 2/2
   648 | D:1      | Reached XP level 3. HP: 21/21 MP: 3/3
  1091 | D:2      | Upgraded the game from 0.18-a0-68-g716538c to 0.18-a0-1045-g4e042de
  1097 | D:2      | Found a white marble altar of Elyvilon.
  1130 | D:2      | Noticed Jessica
  1144 | D:2      | Killed from afar by Jessica

Vault maps used:
D:1:      dpeg_cavernosity, minivault_14
D:2:      minmay_door_path, overflow_temple_1_default, old_standard_altar,
          first_bread, tgw_kikubaaqudgha, uniq_jessica

Action                   || total
-------------------------++-------
Melee: Flail             ||   144
Throw: Stone             ||    19
  Use: Scroll            ||     3
  Eat: Chunk             ||     1
